 Dungeon Crawl Stone Soup version 0.31.0-11-ge490571c62 (webtiles) character file.

Game seed: 17034676929044671763

151 qw the Skirmisher (level 5, -2/29 HPs)
             Began as a Deep Elf Hunter on Feb 4, 2024.
             Killed by divine providence
             ... invoked by an orc priest
              (13 damage)
             ... on level 4 of the Dungeon.
             The game lasted 00:00:07 (2298 turns).

qw the Skirmisher (Deep Elf Hunter)                 Turns: 2298, Time: 00:00:08

Health: -2/29      AC: 10    Str: 10    XL:     5   Next: 10%
Magic:  7/7        EV: 11    Int: 14    God:
Gold:   215        SH:  0    Dex: 18    Spells: 4/4 levels left

rFire   . . .        a - +0 shortbow
rCold   . . .        (shield currently unavailable)
rNeg    . . .        e - +0 ring mail
rPois   .            k - +0 helmet
rElec   .            (no cloak)
rCorr   .            (no gloves)
SInv    .            (no boots)
Will    .....        b - amulet of regeneration
Stlth   +            i - +4 ring of protection
HPRegen 1.04/turn    (no ring)
MPRegen 0.10/turn

%: no passive effects
@: no status effects
A: no striking features
a: no special abilities


You were on level 4 of the Dungeon.
You visited 1 branch of the dungeon, and saw 4 of its levels.

You collected 215 gold pieces.


   Skills:
 - Level 1.5 Fighting
 + Level 8.5 Ranged Weapons
 - Level 2.4 Dodging
 - Level 1.2 Stealth


You had 4 spell levels left.
You didn't know any spells.
Your spell library was empty.

Inventory:

Hand Weapons
 a - a +0 shortbow (weapon)
Armour
 e - a +0 ring mail (worn)
 k - a +0 helmet (worn)
Jewellery
 b - an amulet of regeneration (around neck)
 i - a +4 ring of protection (left hand)
Scrolls
 c - 2 scrolls of fog {unknown}
 g - a scroll of torment {unknown}
 m - a scroll of teleportation
Potions
 d - a potion of heal wounds
 f - a potion of invisibility {unknown}
 h - a potion of curing
 j - a potion of resistance
 l - a potion of mutation {unknown}

Dungeon Overview and Level Annotations

Branches:
Dungeon (4/15)
 Temple: D:4-7

Altars:
Vehumet


Message History

You shoot an arrow. The arrow barely misses the orc.
The arrow completely misses the orc.
The orc priest shouts!
You shoot an arrow. The arrow hits the orc!
You kill the orc!
The orc priest invokes the aid of Beogh against you.
Beogh smites you!
You shoot an arrow. The arrow completely misses the orc.
The orc misses you.
You shoot an arrow. The arrow hits the orc.
The orc is moderately wounded.
The orc hits you but does no damage.
You shoot an arrow.
The arrow hits the orc but does no damage.
The orc is moderately wounded.
The orc hits you with a +0 short sword.
You shoot an arrow. The arrow hits the orc.
The orc is almost dead.
The orc hits you but does no damage. The orc misses you.
You shoot an arrow. The arrow completely misses the orc.
The orc hits you but does no damage.
You shoot an arrow.
The arrow hits the orc but does no damage.
The orc is almost dead.
The orc hits you with a +0 short sword. The orc priest barely misses you.
You shoot an arrow.
The arrow hits the orc but does no damage.
The orc is almost dead.
The orc hits you with a +0 short sword.
The orc priest hits you but does no damage.
You shoot an arrow. The arrow closely misses the orc.
The orc barely misses you. The orc priest barely misses you.
You shoot an arrow.
The arrow hits the orc but does no damage.
The orc is almost dead.
The orc closely misses you.
The orc priest hits you with a +0 flail.
The orc priest invokes the aid of Beogh against you.
Beogh smites you!
You die...

#..### #### # .
#########.. #
#..........
#..##..........
#.....oo......
#.@# ##.# #.##
#..## ##..#
##.## #..#
##.## #..#
########


You could see an orc priest and an orc.

Vanquished Creatures
  A bombardier beetle (D:3)
  A hound (D:4)
  3 adders
  A ribbon worm (D:2)
  2 dart slugs
  3 orcs
  5 ball pythons
  An endoplasm (D:4)
  5 giant cockroaches
  5 goblins
  6 hobgoblins
  A quokka (D:4)
  6 bats
  A frilled lizard (D:1)
  9 kobolds
  2 rats
52 creatures vanquished.

Notes
Turn   | Place    | Note
-------+----------+-------------------------------------------
     0 | D:1      | qw the Deep Elf Hunter began the quest for the Orb.
     0 | D:1      | Reached XP level 1. HP: 12/12 MP: 3/3
     0 | D:1      | 0 ||| qw: Version: 0.3-a-160-g6735b56
     0 | D:1      | 0 ||| qw: Game counter: 5767
     0 | D:1      | 0 ||| qw: Melee chars always use a shield: true
     0 | D:1      | 0 ||| qw: God list: Okawaru
     0 | D:1      | 0 ||| qw: Allow faded altars: false
     0 | D:1      | 0 ||| qw: Do Orc after clearing Dungeon:15 true
     0 | D:1      | 0 ||| qw: Do second Lair branch before Depths: true
     0 | D:1      | 0 ||| qw: Lair rune preference: random
     0 | D:1      | 0 ||| qw: Goals: Normal
     0 | D:1      | 0 ||| PLANNING D:1-11
   210 | D:1      | 210 ||| UPGRADING to +0 ring mail.
   222 | D:1      | Reached XP level 2. HP: 10/16 MP: 4/4
   249 | D:1      | 249 ||| DROPPING +0 leather armour.
   302 | D:1      | Reached skill level 6 in Ranged Weapons
   513 | D:1      | 513 ||| UPGRADING to +0 helmet.
   562 | D:1      | 562 ||| READING scroll labelled BEXEIRCHOADY.
   567 | D:1      | 567 ||| READING scroll labelled VAOPEF ZASO.
   568 | D:1      | 568 ||| READING scroll labelled ESYEGA YCVULU.
   569 | D:1      | 569 ||| DROPPING scroll of butterflies.
   877 | D:2      | Reached XP level 3. HP: 12/20 MP: 5/5
  1330 | D:2      | 1330 ||| UPGRADING to amulet of regeneration.
  1335 | D:2      | 1335 ||| UPGRADING to +4 ring of protection.
  1336 | D:2      | 1336 ||| READING scroll labelled DIRUXK ZAVU.
  1336 | D:2      | 1336 ||| IDENTIFYING brown potion
  1337 | D:2      | 1337 ||| DRINKING 2 sapphire potions.
  1443 | D:3      | Reached skill level 7 in Ranged Weapons
  1443 | D:3      | Reached XP level 4. HP: 25/25 MP: 6/6
  1864 | D:3      | 1864 ||| READING scroll labelled RERIEMN MIZO.
  1865 | D:3      | 1865 ||| READING scroll labelled VIVEHI YDAR.
  1866 | D:3      | 1866 ||| DRINKING 3 red potions.
  1867 | D:3      | 1867 ||| DRINKING 2 green potions.
  1868 | D:3      | 1868 ||| DROPPING 2 potions of attraction.
  1908 | D:4      | Reached skill level 8 in Ranged Weapons
  1929 | D:4      | Found a radiant altar of Vehumet.
  2039 | D:4      | Reached XP level 5. HP: 29/29 MP: 7/7
  2298 | D:4      | Killed from afar by an orc priest

Levels and vault maps discovered:
D:1:      mushboom_english_gardens, layout_rooms, dreamdust_princess_bridge,
          hangedman_glass_teeth, minivault_27
D:2:      layout_basic
D:3:      kb_forest_paths, layout_rooms
D:4:      layout_basic, mainiacjoe_overflow_alcove_1, uniq_sigmund,
          uniq_blork_the_orc

Skill      XL: |  1  2  3  4 |
---------------+-------------+-----
Ranged Weapons | 6 7 8 |  8.5
Fighting       | |  1.5
Dodging        | |  2.4
Stealth        | |  1.2

Action                     |  1- 3 |  4- 6 || total
---------------------------+-------+-------++-------
   Fire: Shortbow          |    75 |    61 ||   136
    Use: Scroll            |     4 |     2 ||     6
         Potion            |     1 |     2 ||     3
 Armour: Skin              |     3 |       ||     3
         Ring mail         |    11 |    20 ||    31
  Dodge: Dodged            |     7 |    24 ||    31

Table legend:
 A = Non-vault XP
 B = Vault XP
 C = Vault XP percentage of total XP
 D = Non-vault monster count
 E = Vault monster count
 F = Vault count percentage of total count
                 A         B        C        D         E       F
            +---------+---------+-------+---------+---------+-------
      Total |     203 |      13 |   6.0 |      46 |       6 |  11.5
            +---------+---------+-------+---------+---------+-------
        D:1 |      21 |       0 |   0.0 |      13 |       0 |   0.0
        D:2 |      28 |       0 |   0.0 |      15 |       0 |   0.0
        D:3 |      84 |      13 |  13.4 |       9 |       6 |  40.0
        D:4 |      70 |       0 |   0.0 |       9 |       0 |   0.0
            +---------+---------+-------+---------+---------+-------
